Map: King Sejong Station LE

Players

EnVyUsPolt (Polt) - Winner!

  • Race: Terran Terran
  • League: Grandmaster

hydra

  • Race: Zerg Zerg
  • League: Grandmaster

Event: The PiG Daily 30

VOD

https://www.youtube.com/watch?v=PT8yUeNFo2A

Description

Time

  • Played on: June 29, 2016, 4:06 p.m.
  • Length: 5:58

All games in this series

Show
View Real Time Build Order
Export as new Build Order

EnVyUsPolt Terran - Winner!

Build Orders: Liberator Opening 

Get SALT Encoding   

  12  0:00  SCV  
  13  0:12  SCV  
  14  0:17  Supply Depot  
  14  0:25  SCV  
  15  0:38  SCV  
  15  0:40  Barracks  
  16  0:43  Refinery  
  16  0:50  SCV  
  17  1:03  SCV  
  18  1:15  SCV  
  19  1:27  Orbital Command  
  19  1:28  Barracks Reactor  
  19  1:39  Command Center  
  19  1:52  SCV  
  20  1:54  Supply Depot  
  20  2:04  Marine x2  
  20  2:05  SCV  
  23  2:08  Factory  
  23  2:16  Refinery  
  23  2:17  SCV  
  23  2:22  Marine x2  
  26  2:29  SCV  
  27  2:40  Marine x2  
  27  2:41  SCV  
  30  2:50  Orbital Command  
  30  2:53  SCV  
  30  2:54  Starport  
  31  3:03  Hellion x2  
  31  3:05  Marine  
  36  3:17  Armory  
  37  3:23  Supply Depot  
  37  3:26  Hellion  
  38  3:27  Hellion  
  38  3:30  Marine  
  41  3:34  Medivac  
  41  3:38  SCV x2  
  45  3:44  Supply Depot  
  45  3:51  Liberator  
  45  3:52  Hellion x2  
  49  3:56  Barracks Tech Lab  
  49  3:59  SCV x2  
  54  4:10  Supply Depot  
  54  4:12  SCV  
  54  4:13  SCV  
  56  4:24  Marine  
  57  4:32  Factory Tech Lab  
  57  4:38  SCV x2  
  59  4:42  Barracks  
  59  4:43  Barracks  
  48  5:03  SCV x2  
  47  5:09  Supply Depot  
  47  5:10  Marine  
  47  5:11  Siege Tank  
  49  5:15  Barracks, SCV x2  
  49  5:16  Barracks  
  51  5:27  SCV x2  
Show
View Real Time Build Order
Export as new Build Order

hydra Zerg 

Build Orders: Hatch First 

Get SALT Encoding   

  12  0:00  Drone  
  13  0:12  Overlord  
  13  0:16  Drone  
  14  0:30  Drone x2  
  14  0:33  Drone  
  17  0:51  Hatchery  
  17  0:54  Drone  
  17  0:57  Drone  
  18  1:07  Extractor  
  17  1:13  Spawning Pool  
  17  1:15  Drone  
  17  1:18  Drone  
  18  1:27  Drone  
  19  1:37  Overlord  
  19  1:59  Queen  
  19  2:00  Zergling x4  
  23  2:04  Queen  
  23  2:06  Metabolic Boost  
  25  2:12  Drone  
  25  2:14  Drone  
  27  2:16  Drone  
  27  2:22  Drone  
  29  2:26  Drone  
  30  2:32  Drone  
  31  2:37  Drone  
  31  2:39  Queen  
  31  2:43  Pneumatized Carapace  
  34  2:45  Overlord  
  34  2:48  Drone  
  35  2:53  Overlord  
  35  2:57  Overlord  
  35  3:05  Drone  
  36  3:12  Drone x5  
  41  3:13  Drone  
  41  3:15  Drone  
  43  3:22  Roach Warren  
  42  3:34  Hatchery  
  41  3:36  Drone  
  41  3:38  Drone  
  43  3:42  Drone  
  43  3:47  Drone  
  45  3:50  Drone  
  45  3:52  Lair  
  45  3:53  Drone x2  
  45  3:54  Extractor  
  45  3:55  Extractor  
  46  3:56  Overlord  
  46  4:00  Drone  
  46  4:02  Overlord  
  47  4:05  Roach  
  47  4:09  Roach  
  51  4:16  Roach x3  
  57  4:21  Roach  
  59  4:24  Roach  
  61  4:32  Roach x2  
  61  4:34  Overlord  
  59  4:50  Drone x6  
  59  4:51  Drone x2  
  58  4:53  Drone x2  
  58  4:57  Drone  
  58  4:58  Drone  
  54  5:06  Queen  
  46  5:15  Drone x2  
  46  5:16  Drone  
  49  5:21  Roach  
  49  5:26  Roach  
  52  5:32  Ravager  
  50  5:35  Drone  
  50  5:36  Drone  
Tags
 
Add a new tag
Caveats
  • Supply blocks, unpowered buildings, or Contaminate may cause inaccurate times.
  • Supply counts are checked every 10 seconds.